Map: Distant Plane

Players

Codicus - Winner!

  • Race: Zerg Zerg

Grumm - Winner!

  • Race: Zerg Zerg
  • League: Gold

NotAScorpio

  • Race: Terran Terran
  • League: Diamond

Ownager

  • Race: Protoss Protoss

VOD

Have the link to the VOD?

Description

Time

  • Played on: Jan. 9, 2016, 3:47 a.m.
  • Length: 8:13
Show
View Real Time Build Order
Export as new Build Order

Codicus Zerg - Winner!

Build Orders: Hatch First 

Get SALT Encoding   

  12  0:00  Drone  
  13  0:13  Overlord  
  13  0:18  Drone  
  14  0:31  Drone x2  
  14  0:35  Drone  
  17  0:55  Drone  
  18  0:58  Hatchery  
  17  1:06  Drone  
  18  1:12  Drone  
  19  1:22  Spawning Pool  
  19  1:24  Extractor  
  17  1:25  Drone  
  19  1:32  Drone  
  19  1:40  Drone  
  20  1:50  Overlord  
  20  2:01  Drone  
  21  2:09  Queen x2  
  21  2:10  Drone  
  26  2:16  Overlord  
  26  2:26  Drone  
  26  2:29  Drone, Metabolic Boost  
  28  2:35  Drone x2  
  30  2:42  Drone  
  31  2:44  Drone  
  32  2:55  Drone x2  
  32  2:57  Spine Crawler  
  33  3:05  Drone  
  34  3:07  Drone  
  35  3:14  Overlord  
  35  3:21  Zergling x2  
  35  3:22  Zergling x12  
  42  3:33  Zergling x4  
  44  3:35  Hatchery  
  43  3:43  Zergling x2  
  43  3:44  Drone  
  45  3:51  Zergling x10  
  45  3:52  Zergling x2  
  51  3:56  Drone  
  51  3:59  Overlord  
  52  4:06  Extractor  
  51  4:10  Drone  
  51  4:11  Extractor  
  51  4:14  Drone, Extractor  
  51  4:17  Queen  
  51  4:23  Drone x3  
  56  4:28  Drone  
  56  4:29  Lair  
  56  4:31  Drone x2  
  58  4:39  Drone  
  53  4:48  Drone  
  53  4:50  Zergling x2  
  53  4:51  Baneling Nest  
  53  4:53  Zergling x8  
  53  4:58  Zergling x4  
  53  4:59  Zergling x4  
  61  5:02  Roach Warren  
  61  5:05  Drone  
  61  5:11  Zergling x4  
  63  5:15  Drone  
  63  5:17  Drone  
  65  5:23  Overlord  
  65  5:24  Overlord  
  65  5:35  Spore Crawler  
  64  5:36  Spore Crawler  
  64  5:37  Overlord x2  
  63  5:43  Overlord  
  63  5:46  Baneling x8  
  63  5:47  Baneling x12  
  63  5:48  Drone, Zergling x4  
  66  5:53  Overlord  
  66  5:54  Drone  
  66  5:56  Drone  
  68  5:58  Drone  
  68  6:01  Drone x2  
  68  6:18  Zergling x4  
  64  6:20  Spire  
  57  6:29  Glial Reconstitution  
  57  6:53  Drone x3  
  60  6:54  Spore Crawler  
  60  6:56  Spore Crawler  
  60  6:57  Drone x5  
  60  6:59  Drone  
  60  7:00  Spore Crawler  
  63  7:08  Drone  
  63  7:09  Overlord  
  63  7:10  Overlord  
  63  7:12  Overlord  
  64  7:16  Drone x4, Hydralisk Den, Extractor  
  64  7:17  Extractor  
  64  7:21  Overlord x2  
  64  7:22  Overlord  
  61  7:24  Drone x4  
  61  7:35  Mutalisk x6  
  74  7:44  Drone x4  
  77  7:53  Zergling x2  
  77  7:54  Zergling x12  
  86  8:05  Evolution Chamber x2  
Show
View Real Time Build Order
Export as new Build Order

Grumm Zerg - Winner!

Build Orders: Hatch First 

Get SALT Encoding   

  12  0:01  Drone  
  13  0:12  Drone  
  14  0:17  Overlord  
  14  0:46  Hatchery  
  14  0:48  Drone  
  14  0:55  Drone x2  
  16  1:04  Drone  
  17  1:17  Spawning Pool  
  16  1:21  Drone  
  16  1:22  Drone  
  18  1:26  Extractor  
  18  1:32  Overlord  
  17  1:51  Drone  
  18  1:56  Drone  
  18  1:59  Drone  
  20  2:04  Queen x2  
  20  2:06  Drone  
  25  2:12  Extractor  
  24  2:20  Spine Crawler  
  23  2:25  Spine Crawler  
  23  2:27  Drone  
  23  2:29  Drone  
  24  2:36  Drone  
  25  2:39  Drone  
  26  2:47  Drone  
  26  2:48  Drone  
  28  2:53  Overlord  
  28  2:59  Metabolic Boost  
  28  3:02  Drone  
  29  3:14  Extractor  
  28  3:20  Drone x2  
  28  3:21  Drone x3  
  33  3:28  Drone  
  33  3:29  Drone x2  
  36  3:38  Drone x4  
  40  3:59  Overlord  
  40  4:01  Zergling x2  
  40  4:02  Zergling x6  
  44  4:03  Lair  
  44  4:08  Spore Crawler  
  43  4:12  Spore Crawler  
  42  4:18  Extractor  
  42  4:22  Zergling x10  
  46  4:40  Overlord x2  
  46  4:58  Zergling x16  
  54  5:16  Nydus Network  
  54  5:18  Zergling x6  
  54  5:19  Zergling x2  
  57  5:26  Drone  
  58  5:32  Zergling x2  
  58  5:33  Zergling x2  
  60  5:44  Hatchery  
  60  5:46  Zergling x2  
  60  5:47  Zergling x2  
  61  5:57  Hatchery  
  60  6:17  Nydus Canal  
  60  6:29  Zergling x2  
  60  6:30  Zergling x14  
  66  7:31  Spore Crawler  
  66  7:36  Spore Crawler  
  64  7:37  Spore Crawler  
  64  7:38  Drone  
  64  7:39  Drone x14, Spore Crawler  
  64  7:42  Drone  
Show
View Real Time Build Order
Export as new Build Order

NotAScorpio Terran 

Build Orders:  

Get SALT Encoding   

  12  0:01  SCV  
  13  0:14  SCV  
  14  0:17  Supply Depot  
  14  0:26  SCV  
  15  0:39  SCV  
  16  0:45  Barracks  
  16  0:50  Refinery  
  16  0:51  SCV  
  17  1:03  SCV  
  18  1:22  SCV  
  19  1:34  Orbital Command  
  19  4:35  Factory  
  19  4:38  SCV  
  20  4:43  Refinery  
  20  4:50  SCV  
  21  4:58  Engineering Bay  
  21  5:22  Factory Tech Lab  
Show
View Real Time Build Order
Export as new Build Order

Ownager Protoss 

Build Orders: Nexus First 

Get SALT Encoding   

  12  0:02  Probe (Chrono Boost)  
  14  0:14  Probe (Chrono Boost)  
  14  0:25  Probe (Chrono Boost)  
  15  0:47  Nexus  
  15  0:57  Pylon  
  15  1:32  Nexus  
  15  1:43  Forge  
  15  1:53  Pylon  
  15  1:55  Probe (Chrono Boost)  
  16  2:01  Gateway  
  16  2:05  Probe (Chrono Boost)  
  16  2:06  Pylon  
  17  2:10  Pylon  
  17  2:16  Probe (Chrono Boost)  
  17  2:17  Pylon  
  18  2:25  Photon Cannon  
  18  2:26  Probe (Chrono Boost)  
  18  2:29  Photon Cannon  
  20  2:37  Probe (Chrono Boost), Photon Cannon  
  20  2:41  Photon Cannon  
  20  2:43  Photon Cannon  
  20  2:51  Photon Cannon  
  20  2:54  Photon Cannon  
  20  2:57  Photon Cannon  
  20  2:58  Probe (Chrono Boost)  
  21  3:02  Probe (Chrono Boost)  
  22  3:08  Probe (Chrono Boost)  
  22  3:09  Assimilator  
  24  3:13  Probe (Chrono Boost)  
  24  3:14  Assimilator  
  24  3:18  Cybernetics Core, Protoss Shields Level 1  
  24  3:19  Probe (Chrono Boost)  
  25  3:23  Probe (Chrono Boost)  
  26  3:28  Photon Cannon  
  26  3:29  Probe (Chrono Boost)  
  26  3:34  Pylon, Probe (Chrono Boost)  
  28  3:39  Assimilator  
  28  3:40  Probe (Chrono Boost)  
  29  3:43  Assimilator  
  29  3:44  Probe (Chrono Boost)  
  30  3:48  Assimilator  
  30  3:52  Assimilator  
  30  3:55  Probe (Chrono Boost)  
  31  4:05  Probe (Chrono Boost)  
  31  4:09  Pylon  
  32  4:15  Pylon  
  32  4:18  Pylon  
  32  4:25  Pylon  
  32  4:32  Photon Cannon  
  32  5:04  Photon Cannon  
  32  5:05  Photon Cannon  
  32  5:08  Photon Cannon  
  32  5:10  Photon Cannon  
  32  5:14  Photon Cannon  
  32  5:19  Photon Cannon  
  32  5:23  Pylon  
  32  5:27  Probe (Chrono Boost)  
  33  5:28  Pylon  
  33  5:38  Probe (Chrono Boost)  
  34  5:48  Probe (Chrono Boost)  
  34  5:49  Stargate x2  
  35  5:51  Stargate  
  35  5:53  Stargate  
  35  5:58  Pylon  
  35  5:59  Probe (Chrono Boost)  
  35  6:03  Pylon  
  36  6:07  Probe (Chrono Boost)  
  36  6:09  Probe (Chrono Boost)  
  38  6:18  Probe (Chrono Boost)  
  39  6:19  Photon Cannon  
  39  6:20  Probe (Chrono Boost), Photon Cannon  
  39  6:21  Photon Cannon  
  39  6:24  Photon Cannon  
  39  6:25  Photon Cannon  
  33  6:28  Probe (Chrono Boost)  
  33  6:29  Photon Cannon  
  33  6:30  Probe (Chrono Boost)  
  35  6:37  Oracle (Chrono Boost)  
  35  6:38  Oracle (Chrono Boost)  
  35  6:39  Oracle (Chrono Boost)  
  47  6:41  Probe (Chrono Boost)  
  47  6:44  Probe (Chrono Boost)  
  42  6:49  Forge  
  36  6:54  Mothership Core (Chrono Boost)  
Tags
 
Add a new tag
Caveats
  • Supply blocks, unpowered buildings, or Contaminate may cause inaccurate times.
  • Supply counts are checked every 10 seconds.